 Dungeon Crawl Stone Soup version 0.29.0-13-gc9e81de378 (webtiles) character file.

Game seed: 15713833026122688019

2 ILmort the Shooter (level 1, -1/17 HPs)
             Began as a Barachi Hunter on Sept 10, 2022.
             Slain by a hobgoblin (2 damage)
             ... on level 1 of the Dungeon.
             The game lasted 00:00:36 (100 turns).

ILmort the Shooter (Barachi Hunter)                  Turns: 100, Time: 00:00:37

Health: -1/17      AC:  3    Str: 12    XL:     1   Next: 40%
Magic:  1/1        EV: 12    Int:  9    God:
Gold:   0          SH:  0    Dex: 15    Spells: 0/0 levels left

rFire   . . .      SeeInvis .   a - +0 shortbow
rCold   . . .      Faith    .   (shield currently unavailable)
rNeg    . . .      Spirit   .   c - +0 leather armour
rPois   .          Reflect  .   (no helmet)
rElec   .          Harm     .   (no cloak)
rCorr   .          Rampage  .   (no gloves)
Will    .....                   (no boots)
Stlth   +.........              (no amulet)
HPRegen 0.05/turn               (no ring)
MPRegen 0.07/turn               (no ring)

@: slow
A: amphibious, slowness 1, strong legs 1, +LOS
a: Hop


You were on level 1 of the Dungeon.
You visited 1 branch of the dungeon, and saw 1 of its levels.

Inventory:

Hand Weapons
 a - a +0 shortbow (weapon)
Armour
 c - a +0 leather armour (worn)
Scrolls
 b - a scroll of immolation
 d - a scroll of identify {unknown}


   Skills:
 + Level 2.5 Fighting
 * Level 4.1 Ranged Weapons
 - Level 2.1 Dodging
 - Level 0.8 Stealth


You couldn't memorise any spells.
You didn't know any spells.
Your spell library was empty.

Dungeon Overview and Level Annotations

Branches:
Dungeon (1/15)

Altars:


Innate Abilities, Weirdness & Mutations

You are amphibious.
You cover ground slowly.
You can hop short distances.
You have an extended range of vision and can be seen from far away.


Message History

You are too injured to fight recklessly!
You are too injured to fight recklessly!
A hobgoblin is nearby!
Really attack while wielding your +0 shortbow? [Y]es or [N]o only, please.
Really attack while wielding your +0 shortbow?
You clumsily bash the hobgoblin but do no damage.
The hobgoblin closely misses you.
The hobgoblin hits you but does no damage.
You clumsily bash the hobgoblin but do no damage.
The hobgoblin misses you.
You are too injured to fight recklessly!
You closely miss the hobgoblin. The hobgoblin misses you.
The hobgoblin closely misses you.
You clumsily bash the hobgoblin but do no damage.
The hobgoblin hits you.
You closely miss the hobgoblin. The hobgoblin closely misses you.
The hobgoblin hits you.
You clumsily bash the hobgoblin but do no damage.
The hobgoblin hits you.
You clumsily bash the hobgoblin but do no damage.
The hobgoblin misses you. The hobgoblin barely misses you.
You clumsily bash the hobgoblin but do no damage.
The hobgoblin hits you but does no damage.
You clumsily bash the hobgoblin but do no damage.
The hobgoblin barely misses you. The hobgoblin misses you.
You clumsily bash the hobgoblin but do no damage.
The hobgoblin hits you.
You barely miss the hobgoblin. The hobgoblin hits you.
* * * LOW HITPOINT WARNING * * *
The hobgoblin hits you.
* * * LOW HITPOINT WARNING * * *
You clumsily bash the hobgoblin but do no damage.
The hobgoblin barely misses you.
You closely miss the hobgoblin. The hobgoblin closely misses you.
The hobgoblin barely misses you.
You barely miss the hobgoblin. The hobgoblin closely misses you.
You clumsily bash the hobgoblin but do no damage.
The hobgoblin hits you.
You die...

#.# ##.# . ... .. #
#.# ... # #.##.####
...# #. #.......#
....# #..####.##.#
..[..#
#......##.####.......
##.....##...@g......#
####..##############
#......##########
#.#..(...........
#.#..#.##########
#.......####
#.#..##....#
#...........##
######..#####..#


You could see a hobgoblin.

Vanquished Creatures
  2 jackals (D:1)
2 creatures vanquished.

Notes
Turn   | Place    | Note
-------+----------+-------------------------------------------
     0 | D:1      | ILmort the Barachi Hunter began the quest for the Orb.
     0 | D:1      | Reached XP level 1. HP: 17/17 MP: 1/1
   100 | D:1      | Slain by a hobgoblin

Illustrated notes

Levels and vault maps discovered:
D:1:      lemuel_arrival_broad_hall, layout_basic, serial_shops, shop_statue

Action                   || total
-------------------------++-------
Melee: Shortbow          ||    15
 Fire: Shortbow          ||    13
Armor: Leather armour    ||     2
Dodge: Dodged            ||    18
